 Dungeon Crawl Stone Soup version 0.29-a0-483-g69413ac (webtiles) character file.

Game seed: 8433179236984201589

18121 Toastz the Slicer (level 12, 0/95 HPs)
             Began as a Merfolk Enchanter on May 25, 2022.
             Was an Elder of Dithmenos.
             Slain by a basilisk (11 damage)
             ... on level 3 of the Lair of Beasts.
             The game lasted 00:50:09 (16940 turns).

Toastz the Slicer (Merfolk Enchanter)              Turns: 16940, Time: 00:50:10

Health: 0/95       AC: 15    Str: 10    XL:     12   Next: 55%
Magic:  14/19      EV: 13    Int: 14    God:    Dithmenos [****..]
Gold:   976        SH:  5    Dex: 18    Spells: 10/21 levels left

rFire   . . .      SeeInvis .   a - +3 dagger (venom)
rCold   + + +      Faith    .   (no shield)
rNeg    . . .      Spirit   .   z - +0 ring mail {rC+}
rPois   .          Reflect  +   A - +2 helmet
rElec   .          Harm     .   h - +1 cloak
rCorr   .          Rampage  .   W - +1 pair of gloves
Will    .....                   r - +1 pair of boots
Stlth   +++++.....              F - amulet of reflection
HPRegen 0.25/turn               i - ring of protection from cold
MPRegen 0.16/turn               R - ring of protection from cold

@: about to teleport, wreathed by umbra
A: (nimble swimmer 2), mertail
a: Renounce Religion, Shadow Step


You were on level 3 of the Lair of Beasts.
You worshipped Dithmenos.
Dithmenos was greatly pleased with you.
You visited 3 branches of the dungeon, and saw 14 of its levels.

You collected 976 gold pieces.

Inventory:

Hand Weapons
 a - a +3 dagger of venom (weapon)
 t - a +0 rapier
 x - a +0 short sword of draining
 B - a +2 great sword
Missiles
 d - 524 stones
 D - a throwing net
 H - 15 poisoned darts (quivered)
 J - 5 silver javelins
Armour
 f - an orb of energy
 h - a +1 cloak (worn)
 r - a +1 pair of boots (worn)
 z - a +0 ring mail of cold resistance (worn)
 A - a +2 helmet (worn)
 W - a +1 pair of gloves (worn)
Magical Staves
 p - a staff of earth
Jewellery
 i - a ring of protection from cold (left hand)
 F - an amulet of reflection (around neck)
 R - a ring of protection from cold (right hand)
 V - the ring "Urghim" {Fire Dex+3}
   (You found it on level 1 of the Lair of Beasts)

   [ring of fire]

   It enhances your fire magic.
   Dex:       It affects your dexterity (+3).
   rF:        It protects you from fire.
   rC:        It makes you vulnerable to cold.
Wands
 k - a wand of polymorph (9)
 s - a wand of mindburst (17)
 y - a wand of digging (5)
 K - a wand of iceblast (7)
 M - a wand of charming (8)
 S - a wand of paralysis (8)
Scrolls
 b - 2 scrolls of identify
 e - 3 scrolls of amnesia {unknown}
 j - a scroll of brand weapon
 l - 5 scrolls of teleportation
 n - a scroll of fog {unknown}
 o - a scroll of immolation
 G - a scroll of acquirement {unknown}
 L - a scroll of vulnerability {unknown}
 O - 2 scrolls of enchant weapon
 P - a scroll of fear {unknown}
 Q - a scroll of silence {unknown}
 U - a scroll of blinking {unknown}
Potions
 c - a potion of invisibility
 g - 3 potions of berserk rage
 m - 3 potions of magic
 q - 5 potions of curing
 u - a potion of might
 v - 4 potions of attraction {unknown}
 w - 2 potions of cancellation {unknown}
 C - 2 potions of degeneration {unknown}
 I - a potion of brilliance {unknown}
 N - a potion of lignification {unknown}
 T - a potion of heal wounds {unknown}


   Skills:
 - Level 9.0 Fighting
 - Level 10.0 Short Blades
 - Level 3.0 Armour
 + Level 6.4 Dodging
 - Level 9.0 Stealth
 - Level 5.0 Spellcasting
 - Level 7.0 Conjurations
 - Level 9.0 Hexes
 + Level 5.2 Ice Magic
 - Level 2.0 Invocations
 + Level 1.4 Evocations


You had 10 spell levels left.
You knew the following spells:

 Your Spells              Type           Power      Damage    Failure   Level
a - Ensorcelled Hibernat  Hex/Ice        46%        N/A       3%          2
b - Confusing Touch       Hex            28%        N/A       3%          3
c - Tukima's Dance        Hex            28%        N/A       3%          3
d - Dazzling Flash        Conj/Hex       50%        N/A       4%          3

Your spell library contained the following spells:

 Spells                   Type           Power      Damage    Failure   Level
 Apportation              Tloc           6%         N/A       38%         1
 Necrotize                Necr           12%        1d4       38%         1
 Summon Small Mammal      Summ           12%        N/A       38%         1
 Poisonous Vapours        Pois/Air       6%         N/A       54%         2
 Gell's Gravitas          Tloc           3%         N/A       77%         3
 Lesser Beckoning         Tloc           3%         N/A       77%         3
 Teleport Other           Tloc           3%         N/A       77%         3
 Summon Mana Viper        Hex/Summ       16%        N/A       88%         5
 Corpse Rot               Necr/Pois/Air  3%         N/A       99%         4
 Summon Forest            Summ/Tloc      1%         N/A       100%        5
 Summon Cactus Giant      Summ           1%         N/A       100%        6


Dungeon Overview and Level Annotations

Branches:
Dungeon (10/15)            Temple (1/1) D:6            Lair (3/6) D:9
  Swamp: Lair:2-4    Shoals: Lair:2-4     Snake: Lair:2-4    Spider: Lair:2-4
    Orc: D:9-12

Altars:
Ashenzari
Cheibriados
Dithmenos
Elyvilon
Fedhas
Gozag
Hepliaklqana
Kikubaaqudgha
Makhleb
Nemelex Xobeh
Okawaru
Qazlal
Ru
Sif Muna
Trog
Uskayaw
Vehumet
Wu Jian
Xom
Yredelemnul
Zin
The Shining One

Annotations:
D:8 1 runed translucent door, Geeful's ghost, novice OpTm


Innate Abilities, Weirdness & Mutations

((You are very nimble when in or above water. (Stealth+, EV+, Speed+++)))
Your lower body shifts to a powerful aquatic tail in water.


Message History

The blink frog blinks!
The basilisk bites you. The bullfrog barely misses you.
The blink frog blinks! x2
The bullfrog hits you. The basilisk bites you!
The basilisk bites you but does no damage.
The blink frog hits you! The basilisk bites you. The blink frog hits you!
* * * LOW HITPOINT WARNING * * *
The blink frog blinks!
The basilisk bites you.
* * * LOW HITPOINT WARNING * * *
The blink frog completely misses you. The blink frog hits you.
* * * LOW HITPOINT WARNING * * *
The blink frog barely misses you.
The blink frog hits you but does no damage.
The basilisk gazes at you. You resist with some effort.
The blink frog blinks!
The blink frog hits you but does no damage. x2
The blink frog blinks!
The basilisk bites you but does no damage.
The bullfrog hits you!
* * * LOW HITPOINT WARNING * * *
The blink frog hits you but does no damage.
You turn to flesh and can move again.
As you read the scroll of teleportation, it crumbles to dust.
You feel strangely unstable.
The bullfrog hits you but does no damage.
The blink frog completely misses you.
The basilisk bites you but does no damage.
The bullfrog releases a deep croak.
The bullfrog hits you.
* * * LOW HITPOINT WARNING * * *
The basilisk attacks as you move away! The basilisk closely misses you.
The blink frog blinks!
The basilisk attacks as you move away!
The basilisk bites you but does no damage.
The blink frog hits you but does no damage.
The bullfrog hits you.
* * * LOW HITPOINT WARNING * * *
The blink frog barely misses you. The basilisk attacks as you move away!
The basilisk bites you!
You die...

......)...#####..........
.............#.##........
...............##........
.##.......##...........##
#.#......# ............#
...+......##....P......#
...P.......# ..+.......
..#......## #
###.....@.###P.##
#.#...lFF.......
........ยง.....=.
..........F.....
................
................
.......F........
..#.........$...
##..............


You could see a basilisk, 3 blink frogs and a bullfrog.

Vanquished Creatures
  A two-headed ogre (D:8)
  The ghost of Zeocecaw the Covert, a journeyman SpAE of Fedhas (Lair:1)
  2 oklob plants (Lair:2)
  2 black mambas
  7 cane toads
  6 rime drakes
  2 komodo dragons (Lair:1)
  2 kobold demonologists (D:10)
  2 polar bears
  A troll (D:9)
  Grinder (D:4)
  8 blink frogs
  2 wyverns (D:9)
  A basilisk (Lair:2)
  16 yaks
  A dancing weapon (D:7)
  A steam dragon (D:7)
  Menkaure (D:4)
  7 water moccasins
  Duvessa (D:7)
  2 acid dragons (D:10)
  2 orc warriors
  2 ice beasts
  2 sky beasts (D:8)
  9 wolves
  4 centaurs
  3 kobold brigands
  2 gnoll sergeants
  3 scorpions
  6 bullfrogs
  5 wights (D:6)
  Dowan (D:7)
  5 killer bees (D:6)
  7 electric eels
  5 howler monkeys
  A rime drake simulacrum (Lair:1)
  A crimson imp (D:5)
  8 hounds
  2 komodo dragon simulacra (Lair:1)
  A water moccasin simulacrum (Lair:1)
  5 jellies
  Jessica (D:3)
  3 iguanas
  Ijyb (D:5)
  10 orc wizards
  A bullfrog simulacrum (Lair:1)
  7 gnolls
  7 adders
  2 white imps (D:8)
  2 worms
  23 orcs
  2 endoplasms
  2 giant cockroaches
  4 goblins
  3 hobgoblins
  20 kobolds
  A quokka (D:5)
  3 ball pythons
  4 bats
  7 frilled lizards
  2 rats
246 creatures vanquished.

Vanquished Creatures (collateral kills)
  A gnoll (D:6)
1 creature vanquished.

Vanquished Creatures (others)
  3 dancing weapons (D:6)
  A cane toad simulacrum (Lair:1)
  A blink frog simulacrum (Lair:1)
  9 fungi
  11 plants
25 creatures vanquished.

Grand Total: 272 creatures vanquished

Notes
Turn   | Place    | Note
-------+----------+-------------------------------------------
     0 | D:1      | Toastz the Merfolk Enchanter began the quest for the Orb.
     0 | D:1      | Reached XP level 1. HP: 13/13 MP: 3/3
  1590 | D:2      | Reached skill level 2 in Short Blades
  1590 | D:2      | Reached XP level 2. HP: 16/20 MP: 5/5
  1764 | D:2      | Found a faded altar of an unknown god.
  1781 | D:2      | Learned a level 2 spell: Ensorcelled Hibernation
  1805 | D:2      | Reached skill level 1 in Fighting
  2402 | D:3      | Reached XP level 3. HP: 26/26 MP: 6/6
  2451 | D:3      | Found a sparkling altar of Nemelex Xobeh.
  2669 | D:3      | Noticed Jessica
  2676 | D:3      | Killed Jessica
  2677 | D:3      | Reached skill level 3 in Short Blades
  2958 | D:3      | Reached XP level 4. HP: 33/33 MP: 4/7
  3029 | D:3      | Learned a level 3 spell: Confusing Touch
  3456 | D:4      | Reached skill level 1 in Ice Magic
  3519 | D:4      | Noticed Menkaure
  3622 | D:4      | Noticed Grinder
  3630 | D:4      | Paralysed by Grinder for 5 turns
  3643 | D:4      | Killed Grinder
  3644 | D:4      | Reached skill level 5 in Short Blades
  3644 | D:4      | Reached XP level 5. HP: 33/41 MP: 6/8
  3644 | D:4      | Reached XP level 6. HP: 38/47 MP: 6/9
  3650 | D:4      | Killed Menkaure
  3651 | D:4      | Reached skill level 6 in Short Blades
  3796 | D:4      | Reached XP level 7. HP: 52/52 MP: 7/10
  3800 | D:4      | Identified the +4 broad axe of Infinity {vorpal, MP+9 Str+2
                  | Stlth-}
  4022 | D:4      | Learned a level 3 spell: Tukima's Dance
  4256 | D:5      | Entered Level 5 of the Dungeon
  4376 | D:5      | Found a burning altar of Makhleb.
  4712 | D:5      | Noticed Ijyb
  4720 | D:5      | Killed Ijyb
  5237 | D:6      | Reached skill level 7 in Short Blades
  5241 | D:6      | Learned a level 3 spell: Dazzling Flash
  5570 | D:6      | Reached XP level 8. HP: 45/58 MP: 9/12
  5752 | D:6      | Reached skill level 1 in Conjurations
  5975 | D:6      | Reached skill level 8 in Short Blades
  6238 | D:6      | Found a staircase to the Ecumenical Temple.
  6249 | Temple   | Entered the Ecumenical Temple
  6629 | Temple   | Became a worshipper of Dithmenos the Shadowed
  6792 | D:6      | Reached skill level 9 in Short Blades
  7552 | D:6      | Reached XP level 9. HP: 60/65 MP: 6/13
  7695 | D:7      | Reached skill level 5 in Stealth
  7874 | D:7      | Noticed Dowan
  7877 | D:7      | Killed Dowan
  7878 | D:7      | Reached skill level 10 in Short Blades
  7878 | D:7      | Reached skill level 5 in Hexes
  7893 | D:7      | Noticed Duvessa
  7919 | D:7      | Killed Duvessa
  8820 | D:8      | Noticed a two-headed ogre
  8839 | D:8      | Reached * piety under Dithmenos
  8848 | D:7      | Reached skill level 5 in Fighting
  8999 | D:7      | Reached skill level 5 in Dodging
  9268 | D:8      | Killed a two-headed ogre
  9269 | D:8      | Reached XP level 10. HP: 41/76 MP: 11/16
  9524 | D:8      | Found a runed translucent door.
  9622 | D:8      | Reached skill level 1 in Armour
 10182 | D:8      | Found a faded altar of an unknown god.
 10182 | D:8      | Found a faded altar of an unknown god.
 10190 | D:8      | Found an ancient bone altar of Kikubaaqudgha.
 10192 | D:8      | Found a broken altar of Ashenzari.
 10194 | D:8      | Found a snail-covered altar of Cheibriados.
 10219 | D:8      | Noticed Geeful's ghost (novice OpTm)
 10612 | D:8      | Found a blossoming altar of Fedhas.
 11157 | D:9      | Reached ** piety under Dithmenos
 11250 | D:9      | Found a staircase to the Lair.
 12005 | D:9      | Reached XP level 11. HP: 84/84 MP: 10/17
 12144 | D:10     | Entered Level 10 of the Dungeon
 12184 | D:10     | Found a radiant altar of Vehumet.
 13208 | D:10     | Reached skill level 5 in Conjurations
 13214 | D:10     | Found an opulent altar of Gozag.
 13215 | D:10     | Found an ornate altar of the Wu Jian Council.
 13433 | Lair:1   | Entered Level 1 of the Lair of Beasts
 13685 | Lair:1   | Upgraded the game from 0.29-a0-479-g93865b4 to
                  | 0.29-a0-483-g69413ac
 13808 | Lair:1   | Found a runed translucent gate.
 13808 | Lair:1   | Found a runed translucent gate.
 13808 | Lair:1   | Found a runed translucent gate.
 14282 | Lair:1   | Reached *** piety under Dithmenos
 14382 | Lair:1   | Reached skill level 1 in Invocations
 14950 | Lair:1   | Noticed Zeocecaw's ghost (journeyman SpAE)
 14980 | Lair:1   | Killed Zeocecaw's ghost
 15128 | Lair:1   | Reached XP level 12. HP: 80/92 MP: 15/18
 15180 | Lair:1   | Got the ring "Urghim" {Fire Dex+3}
 15332 | Lair:2   | Reached skill level 5 in Spellcasting
 16061 | Lair:2   | Found a blossoming altar of Fedhas.
 16077 | Lair:2   | Reached skill level 5 in Ice Magic
 16311 | Lair:2   | Reached **** piety under Dithmenos
 16733 | Lair:3   | Reached skill level 1 in Evocations
 16940 | Lair:3   | Slain by a basilisk

Illustrated notes

Levels and vault maps discovered:
D:1:      dpeg_arrival_solitude, layout_loops_ring, minmay_tree_intersection,
          minivault_25, moated_statue
D:2:      layout_basic, dreamdust_ecumenical_altar_grove
D:3:      layout_basic, nicolae_overflow_hidden_temple,
          nicolae_concentric_dashed_squares_wild, uniq_jessica
D:4:      layout_basic, uniq_menkaure, uniq_grinder
D:5:      layout_loops_ring, makhleb_grotto_becter, st_stairs_14, uniq_ijyb
D:6:      layout_basic, minmay_temple_entry_arrows, interstate_on_off,
          minmay_misc_feat_doors, grunt_decor_mini_mirrors
D:7:      layout_basic, hangedman_decor_slide_cut, hangedman_decor_peaks_small,
          uniq_duvessa
D:8:      layout_basic, fedhas_altar_fruit_tree,
          chequers_temple_overflow_minitemple, hellmonk_ghost_big_iron,
          minmay_bent
D:9:      layout_roguey, erik_lair_island
D:10:     layout_basic, nicolae_vehumet_radiance, nicolae_overflow_squiral
Temple:   nicolae_temple_figure_eight
Lair:1:   layout_cave_pods, gammafunk_ghost_icy, serial_bayou_shore_b
Lair:2:   layout_regular_city, serial_bayou_pond_e, hangedman_tree_tricks,
          st_stairs_8, serial_bayou_ford_a, grunt_megastairs_4,
          serial_bayou_shore_b
Lair:3:   layout_regular_city, hellmonk_spider_entry_not_the_bees,
          lemuel_fruit_fields, grunt_megastairs_5

Skill      XL: |  1  2  3  4  5  6  7  8  9 10 11 12 |
---------------+-------------------------------------+-----
Short Blades   | 2 3 5 6 7 9 10 | 10.0
Fighting       | 1 2 3 4 6 7 8 9 |  9.0
Stealth        | 4 6 8 9 |  9.0
Ice Magic      | 3 4 5 |  5.2
Spellcasting   | 3 4 5 |  5.0
Hexes          | 4 6 8 9 |  9.0
Conjurations   | 2 3 4 6 7 |  7.0
Dodging        | 5 6 |  6.4
Armour         | 2 3 |  3.0
Invocations    | 2 |  2.0
Evocations     | 1 |  1.4

Action                   |  1- 3 |  4- 6 |  7- 9 | 10-12 || total
-------------------------+-------+-------+-------+-------++-------
Melee: Dagger            |    79 |    48 |   206 |   454 ||   787
       Punch             |       |       |     5 |     6 ||    11
       Tailslap          |       |       |       |     7 ||     7
Throw: Stone             |     5 |    14 |       |       ||    19
       Dart              |       |       |     1 |       ||     1
 Cast: Ensorcelled Hiber |     5 |     5 |    51 |    87 ||   148
       Confusing Touch   |       |     2 |     8 |    19 ||    29
       Tukima's Dance    |       |       |     4 |     5 ||     9
       Dazzling Flash    |       |       |       |    12 ||    12
  Use: Potion            |       |     1 |       |     1 ||     2
       Scroll            |       |     6 |     2 |     9 ||    17
 Stab: Sleeping          |     7 |     3 |    38 |    62 ||   110
       Invisible         |       |     1 |       |     7 ||     8
       Confused          |       |     1 |     8 |    17 ||    26
       Distracted        |       |       |       |     1 ||     1
Armor: Robe              |    12 |     6 |    34 |       ||    52
       Ring mail         |       |       |       |   144 ||   144
Dodge: Dodged            |    42 |    33 |   113 |   243 ||   431
Block: Other             |       |       |    14 |    84 ||    98
       Reflection        |       |       |     1 |     5 ||     6

Table legend: (Time is in decaauts)
 A = Elapsed time spent in this place.
 B = Non-inter-level travel time spent in this place.
 C = Inter-level travel time spent in this place.
 D = Time resting spent in this place.
 E = Time spent auto-exploring this place.
 F = Levels seen in this place.
 G = Mean time per level.
                   A        B        C        D        E       F      G
               +--------+--------+--------+--------+--------+-----+--------+
         Total |  16590 |  16100 |    490 |   5555 |   8127 |  14 | 1185.0 |
       Dungeon |  12796 |  12471 |    325 |   4485 |   6147 |  10 | 1279.6 |
        Temple |    394 |    354 |     40 |    136 |    200 |   1 |  394.0 |
          Lair |   3398 |   3273 |    125 |    934 |   1780 |   3 | 1132.7 |
               +--------+--------+--------+--------+--------+-----+--------+

Top non-repeatable levels by time:
  Lair:1: 2017 daAuts
     D:6: 1850 daAuts
     D:7: 1724 daAuts
     D:9: 1349 daAuts
     D:8: 1321 daAuts
     D:1: 1316 daAuts
    D:10: 1220 daAuts
  Lair:2: 1173 daAuts
     D:5: 1095 daAuts
     D:2: 1043 daAuts
     D:3: 1036 daAuts
     D:4: 838 daAuts
  Temple: 394 daAuts
  Lair:3: 207 daAuts
